 Dungeon Crawl Stone Soup version 0.16-a0-253-g996e5b4 (webtiles) character file.

71 PolkaDot the Ruffian (level 4, -4/35 HPs)
             Began as a Draconian Transmuter on Aug 23, 2014.
             Slain by a centaur (5 damage)
             ... on Level 3 of the Dungeon.
             The game lasted 00:05:19 (2593 turns).

PolkaDot the Ruffian (Draconian Transmuter)         Turns: 2593, Time: 00:05:19

HP  -4/35        AC  5     Str 13      XL: 4   Next:  5%
MP   6/7         EV 12     Int 13      God:
Gold 96          SH  0     Dex 12      Spells:  2 memorised,  3 levels left

rFire  . . .     SeeInvis .       - Unarmed
rCold  . . .     Clarity  .     (armour unavailable)
rNeg   . . .     rCorr    .     (no shield)
rPois  .         rRot     .     (helmet restricted)
rElec  .         Spirit   .     (no cloak)
SustAb .         Warding  .     (no gloves)
rMut   .         Stasis   .     (boots unavailable)
Gourm  .                        (no amulet)
MR     .....                    (no ring)
                                (no ring)

@: appendage (expiring), not resistant to hostile enchantments, very unstealthy
A: unfitting armour, talons 3, cold-blooded, AC +5
a: End Transformation


You were on level 3 of the Dungeon.
You were not hungry.
You had grown temporary talons.
You visited 1 branch of the dungeon, and saw 3 of its levels.

You collected 96 gold pieces.

Inventory:

Missiles
 b - 58 arrows
Comestibles
 a - 3 bread rations
 h - 2 rotting chunks of rat flesh {@w1}
 r - 3 rotting chunks of hobgoblin flesh {@w1}
 t - a rotting chunk of rat flesh {@w1}
 u - a meat ration
 w - a slice of pizza
Scrolls
 i - a scroll of identify {unknown}
 k - 2 scrolls of teleportation {unknown}
 l - a scroll of amnesia {unknown}
 o - 2 scrolls of noise {unknown}
 s - a scroll of random uselessness {unknown}
 v - a scroll of enchant weapon {unknown}
Potions
 c - 2 potions of magic {unknown}
 e - 2 potions of restore abilities {unknown}
 f - 3 potions of curing {unknown}
 g - 4 potions of heal wounds {unknown}
 j - 2 potions of brilliance {unknown}
 m - a potion of confusion {unknown}
 n - a potion of agility {unknown}
 p - a potion of poison {unknown}
Books
 d - a book of Changes

   Spells                             Type                      Level
   *Beastly Appendage                 Transmutation                1
   Sticks to Snakes                   Transmutation                2
   *Spider Form                       Transmutation/Poison         3
   Ice Form                           Ice/Transmutation            4
   Blade Hands                        Transmutation                5


   Skills:
 - Level 1.1 Fighting
 - Level 1.7 Dodging
 * Level 4.2 Unarmed Combat
 - Level 2.0 Spellcasting
 + Level 2.8 Transmutations
 + Level 0.8 Poison Magic


You had 3 spell levels left.
You knew the following spells:

 Your Spells              Type           Power        Failure   Level  Hunger
a - Beastly Appendage     Trmt           #.....       10%         1    ##.....
s - Spider Form           Trmt/Pois      #.........   38%         3    ####...


Dungeon Overview and Level Annotations

Branches:
Dungeon (3/15)

Altars:


Innate Abilities, Weirdness & Mutations

Your plain brown scales are hard (AC +5).
Your body does not fit into most forms of armour.
Your cold-blooded metabolism reacts poorly to cold.
You have claws for feet.


Message History

You hit the centaur but do no damage. You claw the centaur.
The centaur is severely wounded.
The centaur hits you but does no damage.
You hit the centaur but do no damage.
The centaur is severely wounded.
The centaur closely misses you. The centaur hits you.
* * * LOW HITPOINT WARNING * * *
You barely miss the centaur. You claw the centaur!
You tail-slap the centaur, but do no damage.
The centaur is almost dead.
Your transformation is almost over.
The centaur hits you!
* * * LOW HITPOINT WARNING * * *
Drink which item? (? for menu, Esc to quit)
Okay, then.
You barely miss the centaur. Your kick misses the centaur.
Your tail-slap misses the centaur.
The centaur is almost dead.
The centaur closely misses you. The centaur hits you.
You die...

######.##.......##.......##.
......+.##......##......##..
#####....##.....##.....###.#
......+...##..........##...
#####......##....)...###..#
............####''#### #..# ##
.....................# #..# #<
............###..c##.###..#######
.............##.@................
...........[.#..###.......##.....
.......##....#(## #.......##.....
.......##....#.# #..............
.......##....(.# ###+..+###.....
.......##.....## #..#.# #.....
.......##.....# #....# ######
.......##.....# ###...+#####
#..######.....# #..........#


You could see a centaur.

Vanquished Creatures
  An adder (D:3)
  A worm (D:2)
  2 oozes (D:1)
  An orc (D:3)
  2 giant cockroaches
  3 goblins
  7 hobgoblins
  5 jackals (D:1)
  10 kobolds
  6 bats
  4 giant newts
  A quokka (D:2)
  10 rats
53 creatures vanquished.

Notes
Turn   | Place    | Note
--------------------------------------------------------------
     0 | D:1      | PolkaDot, the Draconian Transmuter, began the quest for the Orb.
     0 | D:1      | Reached XP level 1. HP: 16/16 MP: 3/3
   437 | D:1      | Reached XP level 2. HP: 20/23 MP: 2/4
  1338 | D:1      | Reached XP level 3. HP: 25/28 MP: 6/6
  1536 | D:2      | Learned a level 3 spell: Spider Form
  1544 | D:2      | Reached skill level 4 in Unarmed Combat
  2204 | D:3      | Reached XP level 4. HP: 30/35 MP: 7/7
  2581 | D:3      | Noticed a centaur
  2592 | D:3      | HP: 1/35 [centaur (7)]
  2593 | D:3      | Slain by a centaur

Action                   |  1- 3 |  4- 6 || total
-------------------------+-------+-------++-------
Melee: Unarmed           |   193 |    12 ||   205
 Cast: Beastly Appendage |    10 |     1 ||    11
       Spider Form       |     1 |       ||     1
 Stab: Sleeping          |     1 |       ||     1
  Eat: Chunk             |     5 |     1 ||     6
